 Dungeon Crawl Stone Soup version 0.18.1-6-gd335043 (webtiles) character file.

80 Chaotic the Skirmisher (level 4, -1/29 HPs)
             Began as a Gargoyle Fighter on May 18, 2016.
             Slain by a gnoll
             ... wielding a +0 halberd
              (12 damage)
             ... on level 2 of the Dungeon.
             The game lasted 00:02:10 (1381 turns).

Chaotic the Skirmisher (Gargoyle Fighter)           Turns: 1381, Time: 00:02:11

Health: -1/29      AC: 10    Str: 21    XL:     4   Next: 39%
Magic:  4/4        EV:  7    Int:  8    God:
Gold:   61         SH:  9    Dex:  9    Spells: 0 memorised, 3 levels left

rFire  . . .     SeeInvis .     a - +0 flail
rCold  . . .     Gourm    .     b - +0 scale mail
rNeg   + . .     Faith    .     c - +0 shield
rPois  ∞         Spirit   .     (no helmet)
rElec  +         Dismiss  .     (no cloak)
rCorr  .         Reflect  .     (no gloves)
SustAt .         Harm     .     (no boots)
MR     .....                    (no amulet)
Stlth  ..........               (no ring)
                                (no ring)

@: not resistant to hostile enchantments, extremely unstealthy
A: negative energy resistance 1, electricity resistance, unbreathing,
petrification resistance, rot immunity, AC +3
a: no special abilities


You were on level 2 of the Dungeon.
You were near starving.

You visited 1 branch of the dungeon, and saw 2 of its levels.

You collected 61 gold pieces.

Inventory:

Hand Weapons
 a - a +0 flail (weapon)
Armour
 b - a +0 scale mail (worn)
 c - a +0 shield (worn)
Jewellery
 k - an uncursed ring of protection from fire {unknown}
   (You found it on level 2 of the Dungeon)
Scrolls
 e - a scroll of teleportation {unknown}
 g - 2 scrolls of enchant weapon {unknown}
 h - a scroll of identify {unknown}
Potions
 d - a potion of might
 j - 3 potions of heal wounds {unknown}
Comestibles
 f - 3 bread rations {@e1}
 i - a royal jelly
 l - a meat ration {@e2}


   Skills:
 + Level 4.0 Fighting
 + Level 2.8 Maces & Flails
 + Level 4.0 Armour
 + Level 3.8 Shields


You had 3 spell levels left.
You didn't know any spells.

Dungeon Overview and Level Annotations

Branches:
Dungeon (2/15)

Altars:
Makhleb
Ru


Innate Abilities, Weirdness & Mutations

You are resistant to torment.
Your stone body is resilient (AC +3).
You are immune to poison.
You resist negative energy.
You are resistant to electric shocks.
You can survive without breathing.
You are immune to petrification.
You are immune to rotting.


Message History

You hit the bat but do no damage. You block the bat's attack.
A bat is nearby!
The bat closely misses you. The bat hits you but does no damage.
You miss the bat. You block the bat's attack.
The bat hits you but does no damage.
You sock the bat!
You kill the bat!
No target in view!
No target in view!
As you open the door, it creaks loudly!
There is an open door here.
You are feeling very hungry.
No target in view!
A hound comes into view.
The hound barks!
Found a burning altar of Makhleb.
Your shield prevents you from hitting the hound.
The hound bites you but does no damage. You block the hound's attack.
You hit the hound. The hound closely misses you. The hound bites you.
You take 1 damage, and have 23/24 hp.
A hound is nearby!
You sock the hound! The hound bites you but does no damage.
You block the hound's attack.
You closely miss the hound. You block the hound's attack.
The hound barely misses you.
A hound is nearby!
You closely miss the hound. The hound barely misses you.
The hound bites you but does no damage.
You closely miss the hound. The hound bites you. You block the hound's attack.
You take 3 damage, and have 20/24 hp.
You barely miss the hound. The hound bites you. The hound closely misses you.
You take 2 damage, and have 18/24 hp.
You closely miss the hound. The hound bites you. You block the hound's attack.
You take 3 damage, and have 15/24 hp.
You hit the hound. The hound closely misses you. You block the hound's attack.
You completely miss the hound. You block the hound's attack.
The hound barely misses you.
You closely miss the hound. You block the hound's attack. x2
You sock the hound!
You kill the hound!
Your Fighting skill increases to level 4!
You have reached level 4!
You feel stronger.
You regained 3 hp, and now have 18/29 hp.
MP restored: 4 You start resting.
Health restored: 29 You start waiting.
You are near starving!
No target in view!
No target in view!
There is an empty arch of ancient stone here.
You open the door.
There is an open door here.
There is an open door here. 2 gnolls come into view.
The gnoll shouts! x2
A gnoll comes into view. It is wielding a club.
A gnoll comes into view. It is wielding a halberd.
The gnoll shouts! x2
There are monsters nearby!
The gnoll hits you but does no damage. x2
There are monsters nearby!
You hit the gnoll. The gnoll barely misses you. x2
The gnoll hits you but does no damage. x2
A quokka comes into view.
There are monsters nearby!
You completely miss the gnoll. The gnoll barely misses you.
You block the gnoll's attack. x2; The gnoll barely misses you.
You barely miss the gnoll. The gnoll barely misses you.
You block the gnoll's attack. x2; The gnoll hits you with a club. x2
You take 6 damage, and have 23/29 hp.
MASSIVE DAMAGE!!
You block the gnoll's attack. The gnoll hits you but does no damage.
The gnoll hits you from afar with a halberd.
The gnoll hits you with a club.
You take 5 damage, and have 18/29 hp.
The gnoll barely misses you.
You sock the gnoll!
You kill the gnoll!
Your Armour skill increases to level 4!
You block the gnoll's attack.
You closely miss the quokka.
The quokka bites you but does no damage.
You block the gnoll's attack.
You closely miss the quokka.
The quokka bites you but does no damage.
The gnoll closely misses you. The quokka closely misses you.
You hit the quokka but do no damage. You block the quokka's attack.
The gnoll hits you from afar with a halberd.
The gnoll hits you but does no damage.
The quokka bites you but does no damage.
You take 1 damage, and have 18/29 hp.
You hit the quokka but do no damage. The gnoll closely misses you.
The gnoll hits you from afar with a halberd!
The quokka bites you but does no damage.
The gnoll barely misses you.
The gnoll hits you from afar with a halberd!
You die...

##### #...# #...#
#...## #...# +....#
#...# #....# #...#
#....# #...# #...g#
#...# #..gg# ###...#
##.#r# ......# #.#@#
....### #.#.# ....#
#.#.# ....#
#.#.####### ....#
#.......... .. ....#
#######..#########..
....##
#...................
.....#
#...................
.....#
#...................


You could see 3 gnolls and a quokka.

Vanquished Creatures
  A hound (D:2)
  A gnoll (D:2)
  3 giant geckos (D:1)
  A giant cockroach (D:2)
  4 goblins (D:1)
  2 hobgoblins (D:1)
  6 jackals (D:1)
  3 bats
  7 kobolds (D:1)
  9 rats (D:1)
37 creatures vanquished.

Vanquished Creatures (others)
  A plant (D:1)
1 creature vanquished.

Grand Total: 38 creatures vanquished

Notes
Turn   | Place    | Note
--------------------------------------------------------------
     0 | D:1      | Chaotic the Gargoyle Fighter began the quest for the Orb.
     0 | D:1      | Reached XP level 1. HP: 14/14 MP: 1/1
    94 | D:1      | Reached XP level 2. HP: 19/19 MP: 2/2
   517 | D:1      | Reached XP level 3. HP: 22/24 MP: 3/3
   992 | D:2      | Found a sacrificial altar of Ru.
  1165 | D:2      | Found a burning altar of Makhleb.
  1177 | D:2      | Reached skill level 4 in Fighting
  1177 | D:2      | Reached XP level 4. HP: 18/29 MP: 4/4
  1377 | D:2      | Reached skill level 4 in Armour
  1381 | D:2      | Slain by a gnoll

Skill      XL: |  1  2  3  4 |
---------------+-------------+-----
Fighting       | 4 |  4.0
Armour         | 4 |  4.0
Maces & Flails | |  2.8
Shields        | |  3.8

Action                   |  1- 3 |  4- 6 || total
-------------------------+-------+-------++-------
Melee: Flail             |   124 |     8 ||   132
Armor: Scale mail        |    56 |    10 ||    66
Dodge: Dodged            |    41 |    10 ||    51
Block: Shield            |    75 |     8 ||    83

Vault maps used:
D:1:      dpeg_arrival_ratfight, minmay_misc_feat_more_columns,
          lexackson_kobold_supper
D:2:      nicolae_overflow_crystal_walls, first_bread, makhleb_heckhound_becter

Table legend:
 A = Turns spent in this place as a percentage of turns spent in the entire game.
 B = Non-inter-level travel turns spent in this place as a percentage of non-inter-level travel turns spent in the entire game.
 C = Inter-level travel turns spent in this place as a percentage of turns spent in this place.
 D = Turns resting spent in this place as a percentage of non-inter-level travel turns spent in this place.
 E = Turns spent auto-exploring this place as a percentage of non-inter-level travel turns spent in this place.
 F = Non-inter-level travel turns spent in this place divided by the number of levels of this place that you've seen.
                   A       B       C       D       E      F
               +-------+-------+-------+-------+-------+----------------------
         Total | 100.0 | 100.0 |   0.0 |   0.7 |  11.0 | 205.0
       Dungeon | 100.0 | 100.0 |   0.0 |   0.7 |  11.0 | 205.0
               +-------+-------+-------+-------+-------+----------------------

Table legend:
 A = Kills in this place as a percentage of kills in entire the game.
 B = Kills by you in this place as a percentage of kills by you in the entire game.
 C = Kills by friends in this place as a percentage of kills by friends in the entire game.
 D = Other kills in this place as a percentage of other kills in the entire game.
 E = Experience gained in this place as a percentage of experience gained in the entire game.
 F = Experience gained in this place divided by the number of levels of this place that you have seen.
                   A       B       C       D       E      F
               +-------+-------+-------+-------+-------+----------------------
         Total | 100.0 | 100.0 |  -nan |  -nan | 100.0 |  57.5
       Dungeon | 100.0 | 100.0 |  -nan |  -nan | 100.0 |  57.5
               +-------+-------+-------+-------+-------+----------------------
